[Event "fics rated crazyhouse match"]
[Site "fics, Oklahoma City, OK USA"]
[Date "2000.09.22"]
[White "spurs"]
[WhiteElo "2321"]
[Black "nasnad"]
[BlackElo "2328"]
[TimeControl "60+0"]
[Result "1-0"]

1. d3 Nf6 2. e4 d5 3. Nc3 dxe4 4. dxe4 Qxd1+ 5. Kxd1 e5 6. Bg5 
Bb4 7. Bxf6 gxf6 8. N@d5 Q@d6 9. Kc1 Bxc3 10. bxc3 B@a3+ 11. Kd1 N@b2+ 
12. Ke1 Nc6 13. Bb5 Bg4 14. Bxc6+ bxc6 15. N@g7+ Kd8 16. B@e7+ Qxe7 17. Nxe7 
P@d2+ 18. Kxd2 Nc4+ 19. Ke1 Bxe7 20. P@f3 B@d2+ 21. Kf1 Bd7 22. Q@d3 N@d6 
23. P@b7 Rb8 24. Q@a8 B@c8 25. Qxb8 Nxb7 26. Qxc4 Bd6 27. Qxf7 P@e2+ 28. Nxe2 
Rf8 29. Qxf8+ Bxf8 30. N@e6+ Ke7 31. R@e8+ Kd6 32. Qxc7# 
{nasnad checkmated} 1-0

[Event "fics rated crazyhouse match"]
[Site "fics, Oklahoma City, OK USA"]
[Date "2000.09.22"]
[White "spurs"]
[WhiteElo "2329"]
[Black "Hydropawnic"]
[BlackElo "2206"]
[TimeControl "60+0"]
[Result "0-1"]

1. d4 d5 2. Nf3 Nc6 3. Bg5 Nf6 4. Bxf6 exf6 5. e3 Bg4 6. Bb5 
Bxf3 7. Qxf3 B@e4 8. Qg3 Bxc2 9. Nd2 Bb4 10. Bxc6+ bxc6 11. B@c3 Bxc3 
12. bxc3 N@f5 13. Qf3 B@e4 14. Qe2 B@d3 15. Qg4 h5 16. Qf4 P@g5 17. Qxf5 
Bxf5 18. B@f3 g4 
{spurs resigns} 0-1

[Event "fics rated crazyhouse match"]
[Site "fics, Oklahoma City, OK USA"]
[Date "2000.09.22"]
[White "Hydropawnic"]
[WhiteElo "2217"]
[Black "spurs"]
[BlackElo "2318"]
[TimeControl "60+0"]
[Result "0-1"]

1. e4 e6 2. d4 d5 3. e5 Ne7 4. Bg5 Nbc6 5. Nf3 Bd7 6. Bb5 
a6 7. Bxc6 Bxc6 8. Bxe7 Bxe7 9. N@h5 Rg8 10. Nxg7+ Rxg7 11. P@f6 Rxg2 
12. fxe7 Qxe7 13. N@f6+ Kd8 14. B@g5 B@a5+ 15. Nc3 P@e3 16. fxe3 B@f2+ 17. Kf1 
P@h3 18. Ng8 Rxg5 19. Nxg5 Qxg5 20. P@e7+ Kd7 21. Qf3 N@d2+ 22. Kxf2 Nxf3 
23. R@d8+ Rxd8 24. exd8=Q+ Kxd8 25. B@f6+ Qxf6 26. exf6 R@g2+ 27. Kxf3 Q@g4# 
{Hydropawnic checkmated} 0-1

[Event "fics rated crazyhouse match"]
[Site "fics, Oklahoma City, OK USA"]
[Date "2000.09.22"]
[White "spurs"]
[WhiteElo "2324"]
[Black "Hydropawnic"]
[BlackElo "2211"]
[TimeControl "60+0"]
[Result "1/2-1/2"]

1. d4 d5 2. Nf3 Nc6 3. Nc3 Bg4 4. Bg5 Nf6 5. Bh4 Bxf3 6. exf3 
e6 7. Bb5 Bb4 8. Bxc6+ bxc6 9. B@b7 B@b5 10. Bxf6 Qxf6 11. Bxa8 Bxc3+ 
12. bxc3 B@e2 13. R@b8+ N@d8 14. N@c5 Bxd1 15. B@d7+ Ke7 16. N@c8+ Kf8 17. Kxd1 
Q@e2+ 18. Kc1 Qh6+ 19. B@e3 Qhxe3+ 20. fxe3 B@d2+ 21. Kb1 N@a3+ 22. Kb2 Nc4+ 
23. Kb1 Na3+ 24. Kb2 Nc4+ 25. Kb1 Na3+ 26. Kb2 
{Game drawn by repetition} 1/2-1/2

[Event "fics rated crazyhouse match"]
[Site "fics, Oklahoma City, OK USA"]
[Date "2000.09.22"]
[White "nasnad"]
[WhiteElo "2352"]
[Black "valdushka"]
[BlackElo "2272"]
[TimeControl "60+0"]
[Result "1-0"]

1. e4 d5 2. exd5 e6 3. Nc3 exd5 4. d4 Nf6 5. Nf3 Nc6 6. Bb5 
P@e4 7. Bxc6+ bxc6 8. Ne5 B@g4 9. P@f3 exf3 10. gxf3 P@g2 11. Rg1 Bh3 
12. Nxc6 Qd6 13. Ne5 Be7 14. P@c5 Qd8 15. N@g5 O-O 16. Nc6 Qd7 17. Ne5 
Qf5 18. P@g4 Qxg5 19. Bxg5 N@f1 20. Q@h4 Re8 21. Qxh3 Bxc5 22. Qxg2 Bxd4 
23. Qxd4 P@d2+ 24. Bxd2 Nxd2 25. Kxd2 Nd7 26. Nxd7 Bxd7 27. N@h6+ Kh8 28. Nxf7+ 
Kg8 29. N@h6+ gxh6 30. Nxh6+ Kf8 31. P@g7+ Ke7 32. B@f6+ Kd6 33. Qxd5# 
{valdushka checkmated} 1-0

[Event "fics rated crazyhouse match"]
[Site "fics, Oklahoma City, OK USA"]
[Date "2000.09.22"]
[White "Hydropawnic"]
[WhiteElo "2231"]
[Black "MyPartner"]
[BlackElo "2395"]
[TimeControl "60+0"]
[Result "0-1"]

1. e4 Nf6 2. Nc3 d5 3. exd5 Nxd5 4. Bc4 e6 5. Bxd5 exd5 6. d4 
P@b4 7. Nce2 Bf5 8. Nf3 B@e4 9. Ng3 Bxc2 10. Qe2+ Qe7 11. Qxe7+ Bxe7 
12. O-O Bg4 13. Ne5 P@e2 14. Nxe2 Bxe2 15. Re1 Ba6 16. Nxf7 Q@f8 17. Nxh8 
Qxf2+ 18. Kxf2 N@d3+ 19. Kg3 P@h4+ 20. Kh3 Nf2# 
{Hydropawnic checkmated} 0-1

[Event "fics rated crazyhouse match"]
[Site "fics, Oklahoma City, OK USA"]
[Date "2000.09.22"]
[White "MyPartner"]
[WhiteElo "2400"]
[Black "Hydropawnic"]
[BlackElo "2226"]
[TimeControl "60+0"]
[Result "1-0"]

1. e4 d5 2. exd5 e6 3. Bb5+ c6 4. dxc6 bxc6 5. Be2 Nf6 6. d4 
Na6 7. P@b5 cxb5 8. Bxb5+ P@d7 9. P@e5 Nd5 10. P@c4 Nb6 11. Nf3 P@c6 
12. Bg5 Be7 13. Bxa6 Bxa6 14. Bxe7 Qxe7 15. N@c7+ Kf8 16. Nxa8 Bxc4 17. Nxb6 
axb6 18. B@d6 B@d8 19. Bxe7+ Bxe7 20. R@c8+ B@d8 21. Rxd8+ Bxd8 22. Q@b4+ P@c5 
23. Qxc4 B@b5 24. Qc3 N@f4 25. B@d6+ Ke8 26. B@f1 Bxf1 27. Kxf1 B@a6+ 28. N@c4 
Bxc4+ 29. Qxc4 b5 30. Qxc5 N@e4 31. Qa7 Nxf2 32. Kxf2 Nd5 33. Qxd7+ Kxd7 
34. N@c5+ Kc8 35. P@b7# 
{Hydropawnic checkmated} 1-0

[Event "fics rated crazyhouse match"]
[Site "fics, Oklahoma City, OK USA"]
[Date "2000.09.22"]
[White "Hydropawnic"]
[WhiteElo "2222"]
[Black "MyPartner"]
[BlackElo "2404"]
[TimeControl "60+0"]
[Result "0-1"]

1. e4 Nf6 2. Nc3 d5 3. exd5 Nxd5 4. Bc4 e6 5. Bxd5 exd5 6. d4 
P@b4 7. Nce2 B@g6 8. Nf3 Bcf5 9. P@d3 Nc6 10. Nf4 h6 11. Qe2+ Be7 
12. N@e5 Nxe5 13. Nxe5 N@c6 14. Nfxg6 Bxg6 15. Nxg6 Nxd4 16. Qd2 fxg6 17. B@e3 
N@f3+ 18. gxf3 Nxf3+ 19. Kd1 Nxd2 20. Bcxd2 Q@f3+ 21. B@e2 Qxh1+ 22. Be1 P@f3 
23. Bxf3 Qxf3+ 24. P@e2 Qf6 25. N@g4 Qxb2 26. Rc1 Qxa2 27. N@e5 N@b2# 
{Hydropawnic resigns} 0-1

[Event "fics rated crazyhouse match"]
[Site "fics, Oklahoma City, OK USA"]
[Date "2000.09.22"]
[White "MyPartner"]
[WhiteElo "2408"]
[Black "Hydropawnic"]
[BlackElo "2218"]
[TimeControl "60+0"]
[Result "1-0"]

1. e4 Nf6 2. Nc3 d5 3. exd5 Nxd5 4. Nf3 Nxc3 5. bxc3 Nc6 6. d4 
Bg4 7. N@c5 e6 8. P@d7+ Ke7 9. Bb5 P@d6 10. Bg5+ f6 11. Bxc6 bxc6 
12. N@b7 dxc5 13. Nxd8 Rxd8 14. Ne5 B@h5 15. Qxg4 Bf7 16. dxc5 fxg5 17. Qxg5+ 
B@f6 18. Q@d3 Bxg5 19. Nxc6+ Kf6 20. P@e5# 
{Hydropawnic checkmated} 1-0

[Event "fics rated crazyhouse match"]
[Site "fics, Oklahoma City, OK USA"]
[Date "2000.09.22"]
[White "Hydropawnic"]
[WhiteElo "2214"]
[Black "MyPartner"]
[BlackElo "2412"]
[TimeControl "60+0"]
[Result "0-1"]

1. e4 Nf6 2. e5 Nd5 3. Nc3 e6 4. Nxd5 exd5 5. d4 N@e4 6. Bd3 
Bb4+ 7. c3 Nxc3 8. bxc3 Bxc3+ 9. Bd2 Bxd4 10. Nf3 Bxa1 11. Qxa1 P@e4 
12. N@h5 exd3 13. Nxg7+ Kf8 14. O-O P@e2 15. Re1 P@b2 16. Bh6 bxa1=Q 17. Nf5+ 
Ke8 18. N@g7+ Kf8 19. Ne6+ Kg8 20. h3 Qxe1+ 21. Nxe1 Q@f1+ 22. Kh2 B@g1+ 
23. Kg3 Qxf2+ 24. Kg4 R@g3+ 25. Kh5 P@g6# 
{Hydropawnic checkmated} 0-1

[Event "fics rated crazyhouse match"]
[Site "fics, Oklahoma City, OK USA"]
[Date "2000.09.22"]
[White "MyPartner"]
[WhiteElo "2416"]
[Black "Hydropawnic"]
[BlackElo "2210"]
[TimeControl "60+0"]
[Result "1-0"]

1. e4 Nc6 2. d4 e6 3. Nf3 d5 4. Bg5 Be7 5. Bxe7 Ngxe7 6. Nc3 
dxe4 7. Nxe4 Nf5 8. P@e3 B@d5 9. Nfg5 Bxe4 10. Nxe4 P@d5 11. Nc5 N@e4 
12. Nxe4 dxe4 13. N@c5 Ncxd4 14. exd4 Nxd4 15. Nxe4 P@f5 16. P@d7+ Qxd7 17. N@f6+ 
gxf6 18. Nxf6+ Kd8 19. Nxd7 Bxd7 20. Q@f6+ P@e7 21. Qxh8+ N@e8 22. Qhxd4 N@b6 
23. N@g5 N@c6 24. Nxf7+ Kc8 25. Qh8 P@g7 26. Qxe8+ Bxe8 27. R@d8# 
{Hydropawnic resigns} 1-0

[Event "fics rated crazyhouse match"]
[Site "fics, Oklahoma City, OK USA"]
[Date "2000.09.22"]
[White "Hydropawnic"]
[WhiteElo "2206"]
[Black "MyPartner"]
[BlackElo "2420"]
[TimeControl "60+0"]
[Result "0-1"]

1. e4 e6 2. d4 Nf6 3. Bg5 Bb4+ 4. c3 Be7 5. Bxf6 Bxf6 6. Nf3 
d5 7. exd5 Qxd5 8. N@e3 Qd7 9. Bc4 P@e4 10. Ne5 Bxe5 11. dxe5 Qxd1+ 
12. Kxd1 Q@h5+ 13. B@e2 Qxe5 14. P@d4 Qf4 15. Nd2 Qxf2 16. Ng4 Qxg2 17. Re1 
P@d3 18. Bcxd3 B@a4+ 19. Nb3 exd3 20. Bxd3 Qxg4+ 21. P@e2 P@f2 22. Rf1 P@g2 
23. Rxf2 g1=Q+ 24. Kd2 B@h6+ 25. P@e3 Qxf2 26. Q@e4 Qxe3+ 27. Qxe3 Bxe3+ 28. Ke1 
R@g1# 
{Hydropawnic checkmated} 0-1

[Event "fics rated crazyhouse match"]
[Site "fics, Oklahoma City, OK USA"]
[Date "2000.09.22"]
[White "MyPartner"]
[WhiteElo "2424"]
[Black "LSS"]
[BlackElo "2437"]
[TimeControl "180+0"]
[Result "0-1"]

1. e4 e6 2. d4 d5 3. exd5 exd5 4. Bb5+ P@c6 5. Qe2+ Qe7 6. Bg5 
f6 7. Qxe7+ Bxe7 8. P@f7+ Kxf7 9. Bd3 P@e4 10. Bxe4 dxe4 11. Bf4 Na6 
12. Nc3 B@b4 13. Q@h5+ Q@g6 14. Qxg6+ hxg6 15. Ne2 Bf5 16. P@c5 Nh6 17. Q@g3 
Rac8 18. Bxc7 Nxc7 19. P@d6 Nd5 20. dxe7 Nxe7 21. B@d6 Nd5 22. a3 Bxc3+ 
23. Nxc3 Nxc3 24. Qxc3 N@d5 25. Qa5 N@h4 26. Rg1 B@a6 27. N@g3 P@f4 28. Ne2 
f3 29. Ng3 fxg2 30. B@d1 P@f4 31. Bxf4 Nxf4 32. P@c7 B@f3 33. a4 Nh3 
34. Nxf5 N6xf5 35. B@b3+ N@d5 36. Bxd5+ cxd5 37. N@d6+ Nxd6 38. cxd6 Bxd1 39. Qxd5+ 
B@e6 40. N@d8+ Rhxd8 41. cxd8=N+ Rxd8 42. R@c7+ B@d7 43. Rxd7+ Rxd7 44. B@g8+ Kxg8 
45. Qxe6+ B@f7 46. P@h7+ Kxh7 47. Qxe4 Q@e2+ 48. Qxe2 Baxe2 49. Rxd1 Q@f1+ 50. Rxf1 
gxf1=Q+ 51. Kd2 Qxd1+ 52. Ke3 Nf5+ 53. Ke4 P@d5# 
{MyPartner checkmated} 0-1

[Event "fics rated crazyhouse match"]
[Site "fics, Oklahoma City, OK USA"]
[Date "2000.09.22"]
[White "LSS"]
[WhiteElo "2445"]
[Black "MyPartner"]
[BlackElo "2416"]
[TimeControl "180+0"]
[Result "1-0"]

1. e4 e6 2. d4 d6 3. Nf3 Nf6 4. Bd3 Nc6 5. c3 d5 6. e5 
Ne4 7. O-O h6 8. Nbd2 Ng5 9. Re1 a5 10. Nf1 Nxf3+ 11. Qxf3 N@h4 
12. Qh3 Nf5 13. Ng3 Nfxd4 14. cxd4 P@c4 15. Bf1 Nxd4 16. Nh5 Nc2 17. N@f6+ 
gxf6 18. Nxf6+ Ke7 19. Bg5 hxg5 20. Qxh8 N@h6 21. N@g8+ Nxg8 22. Nxg8+ Kd7 
23. Qf6 B@e8 24. P@g7 Bc5 25. Qxd8+ Kxd8 26. R@f3 Nxe1 27. Rxe1 R@h1+ 28. Kxh1 
N@g4 29. N@h3 P@d2 30. Rd1 Nxh2 31. Kxh2 Q@c2 32. Q@e2 g4 33. Rxd2 Qh7 
34. Nf6 Qxg7 35. Nxg4 Qxg4 36. P@f6 N@f5 37. Rxf5 Qxf5 38. P@e7+ Bxe7 39. fxe7+ 
Kd7 40. N@f8+ Kxe7 41. B@f6+ Kxf8 42. R@h8+ N@g8 43. N@g5 P@g3+ 44. fxg3 Qxf6 
45. exf6 B@g1+ 46. Kxg1 P@h2+ 47. Kxh2 R@h1+ 48. Kxh1 P@h2 49. N@h7# 
{MyPartner checkmated} 1-0

[Event "fics rated crazyhouse match"]
[Site "fics, Oklahoma City, OK USA"]
[Date "2000.09.22"]
[White "MyPartner"]
[WhiteElo "2409"]
[Black "LSS"]
[BlackElo "2452"]
[TimeControl "180+0"]
[Result "1-0"]

1. e4 e6 2. d4 d5 3. exd5 exd5 4. Bb5+ P@c6 5. Bd3 Nf6 6. Qe2+ 
Qe7 7. P@e5 Ng8 8. Bd2 Nd7 9. Nf3 Nb6 10. Nc3 Bg4 11. h4 O-O-O 
12. Bg5 f6 13. exf6 Nxf6 14. P@a6 bxa6 15. Qxe7 Bxe7 16. Bxa6+ P@b7 17. Bxb7+ 
Kxb7 18. Bxf6 Bb4 19. Bxg7 Bxf3 20. gxf3 P@d2+ 21. Kxd2 Bxc3+ 22. bxc3 Nc4+ 
23. Ke1 Rhe8+ 24. N@e5 Rxe5+ 25. dxe5 Q@d2+ 26. Kf1 N@e3+ 27. Kg1 N@e2+ 28. Kh2 
N@f1+ 29. Rhxf1 Nxf1+ 30. Rxf1 B@f4+ 31. P@g3 Bxg3+ 32. fxg3 Nxg3+ 33. Kxg3 P@f4+ 
34. Kg4 Ne3+ 35. Kg5 Qg2+ 36. Kxf4 R@f5+ 37. Kxe3 d4+ 38. cxd4 P@f4+ 39. Ke4 
Qg6 40. N@c5# 
{LSS resigns} 1-0

[Event "fics rated crazyhouse match"]
[Site "fics, Oklahoma City, OK USA"]
[Date "2000.09.22"]
[White "LSS"]
[WhiteElo "2443"]
[Black "MyPartner"]
[BlackElo "2418"]
[TimeControl "180+0"]
[Result "1-0"]

1. e4 e6 2. d4 d6 3. Nf3 Nf6 4. Bd3 Nc6 5. c3 e5 6. d5 
Nb8 7. O-O Bg4 8. h3 Bxf3 9. Qxf3 N@c5 10. Bc2 Nbd7 11. b4 Na6 
12. Na3 Nab8 13. Rb1 h5 14. Nc4 Nb6 15. Na5 Qc8 16. Bg5 N8d7 17. B@f5 
h4 18. c4 Be7 19. Bxf6 Bxf6 20. N@h5 Rxh5 21. Qxh5 N@d4 22. Qh8+ B@f8 
23. Bd1 Nxf5 24. exf5 g6 25. Qg8 gxf5 26. N@h7 P@h2+ 27. Kxh2 Nxd5 28. cxd5 
B@e4 29. N@e6 P@g3+ 30. fxg3 hxg3+ 31. Kh1 Bxg2+ 32. Kxg2 fxe6 33. Qxe6+ B6e7 
34. P@f7+ Kd8 35. R@e8# 
{MyPartner checkmated} 1-0

[Event "fics rated crazyhouse match"]
[Site "fics, Oklahoma City, OK USA"]
[Date "2000.09.23"]
[White "LSS"]
[WhiteElo "2450"]
[Black "Monange"]
[BlackElo "2194"]
[TimeControl "300+0"]
[Result "1-0"]

1. e4 e6 2. d4 d5 3. exd5 exd5 4. Nc3 P@b4 5. Nce2 Nf6 6. Nf4 
Nc6 7. Bb5 Ne4 8. Qe2 a6 9. Bxc6+ bxc6 10. P@d3 B@b5 11. Nf3 Bg4 
12. O-O g5 13. Nh3 Bxh3 14. gxh3 N@f4 15. Bxf4 gxf4 16. N@h5 Rg8+ 17. B@g2 
Rxg2+ 18. Kxg2 B@e6 19. R@g8 Bxh3+ 20. Kxh3 B@e6+ 21. Kg2 P@g4 22. N@g7+ Kd7 
23. Ne5+ Kc8 24. Nxe6 f3+ 25. Nxf3 gxf3+ 26. Qxf3 N@h4+ 27. Kh1 Nxf3 28. Nxd8 
Nxf2+ 29. Rxf2 P@g2+ 30. Rfxg2 Q@e7 31. B@g4+ f5 32. Bxf5+ Qd7 33. P@b7+ Kxd8 
34. bxa8=Q+ N@c8 35. N@b7+ Ke8 36. Bxd7+ Kxd7 37. Q@d8+ Ke6 38. Q@f6# 
{Monange checkmated} 1-0

[Event "fics rated crazyhouse match"]
[Site "fics, Oklahoma City, OK USA"]
[Date "2000.09.23"]
[White "Monange"]
[WhiteElo "2191"]
[Black "LSS"]
[BlackElo "2453"]
[TimeControl "300+0"]
[Result "1-0"]

1. e4 e6 2. d4 Nc6 3. Be3 d5 4. e5 Nge7 5. Nh3 Nf5 6. Be2 
Be7 7. Qd2 Nh4 8. Rg1 Nf5 9. Nc3 a5 10. Nf4 a4 11. Nh5 Rg8 
12. a3 Bd7 13. Nb5 Rc8 14. Bf4 g5 15. Bg3 Ra8 16. Nf6+ Bxf6 17. exf6 
Rc8 18. B@e7 Ncxe7 19. fxe7 Kxe7 20. N@c5 Bxb5 21. Bxb5 N@e4 22. Nxe4 dxe4 
23. Bxa4 N@c4 24. Qb4+ N@d6 25. Bxd6+ cxd6 26. Qxb7+ P@d7 27. P@f6+ Kxf6 28. P@e5+ 
dxe5 29. dxe5+ Nxe5 30. N@h5+ Kg6 31. Qxe4 P@d2+ 32. Kf1 B@c1 33. N@d1 P@f6 
34. P@g4 Nxg4 35. Qxg4 P@e5 36. N@e2 Nh6 37. Qh3 B@g4 38. Qd3+ P@f5 39. Nxc1 
dxc1=Q 40. Rxc1 Bxh5 41. P@b7 N@f4 42. Qe3 Rb8 43. B@b6 Rxb7 44. Bxd8 P@e2+ 
45. Ke1 exd1=Q+ 46. Rxd1 Bxd1 47. P@e7 
{LSS forfeits on time} 1-0

[Event "fics rated crazyhouse match"]
[Site "fics, Oklahoma City, OK USA"]
[Date "2000.09.23"]
[White "ronenl"]
[WhiteElo "2303"]
[Black "spurs"]
[BlackElo "2322"]
[TimeControl "60+0"]
[Result "1-0"]

1. e4 e6 2. Nc3 d5 3. exd5 exd5 4. Bb5+ Bd7 5. Qe2+ Be7 6. P@e6 
fxe6 7. Qxe6 P@f7 8. Qxd5 Bxb5 9. Qxd8+ Bxd8 10. Nxb5 B@c4 11. Q@e4+ Q@e6 
12. Qxe6+ Bxe6 13. P@d6 Na6 14. dxc7 Nxc7 15. Nd6+ Kd7 16. P@e5 Ne7 17. d4 
P@c6 18. B@f3 P@d5 19. Bf4 Ng6 20. Be3 Be7 21. Nxb7 Rab8 22. P@d6 Rxb7 
23. dxe7 Nxe7 24. P@d6 Rxb2 25. dxe7 N@c4 26. N@c5+ Kxe7 27. B@h4+ f6 28. exf6+ 
gxf6 29. Bxf6+ Kxf6 30. P@g5+ Kf7 31. Q@f6+ Ke8 32. Qxh8+ Ke7 33. Qf6+ Ke8 
34. R@d8# 
{spurs checkmated} 1-0

[Event "fics rated crazyhouse match"]
[Site "fics, Oklahoma City, OK USA"]
[Date "2000.09.23"]
[White "TheLongOne"]
[WhiteElo "2211"]
[Black "nasnad"]
[BlackElo "2370"]
[TimeControl "60+0"]
[Result "1-0"]

1. e3 Nf6 2. d4 Nc6 3. Nf3 d5 4. Bb5 Bd7 5. Bxc6 bxc6 6. Ne5 
B@d6 7. Nc3 e6 8. O-O Bfe7 9. Nxd7 Nxd7 10. B@b7 N@h4 11. Qg4 Rg8 
12. Bxc6 Rb8 13. Ba4 Kf8 14. N@c6 Qc8 15. Nxb8 Nxb8 16. P@b7 Qd8 17. R@c8 
N@f6 18. Rxd8+ Bxd8 19. Qxh4 R@h6 20. Qg5 Bxh2+ 21. Kh1 Bf4+ 22. Qxh6 Bxh6 
23. R@h2 P@g3 24. fxg3 Q@d6 25. P@e5 Qe7 26. exf6 gxf6 27. N@h5 Rxg3 28. Nxg3 
Bg7 29. R@h3 P@e2 30. Ngxe2 P@d2 31. Bxd2 c6 32. Q@h8# 
{nasnad forfeits on time} 1-0

[Event "fics rated crazyhouse match"]
[Site "fics, Oklahoma City, OK USA"]
[Date "2000.09.23"]
[White "nasnad"]
[WhiteElo "2359"]
[Black "TheLongOne"]
[BlackElo "2222"]
[TimeControl "60+0"]
[Result "1-0"]

1. e4 e5 2. Bc4 Nc6 3. Nc3 Nf6 4. Nf3 Bc5 5. O-O d6 6. d3 
Bg4 7. Bg5 Qd7 8. Bxf6 gxf6 9. Nd5 B@g7 10. N@b5 Rc8 11. c3 a6 
12. Na3 Bxf3 13. Qxf3 N@d2 14. Nxf6+ Kd8 15. Nxd7 Nxf3+ 16. gxf3 Rg8 17. P@g2 
Bxf2+ 18. Rxf2 P@e3 19. Re2 Kxd7 20. B@f5+ Ke7 21. Q@d7+ Kf6 22. N@g4+ Kg5 
23. B@g3 N@f4 24. Qxf7 Nxe2+ 25. Kh1 Nxg3+ 26. hxg3 R@h5+ 27. P@h4+ Rxh4+ 28. gxh4+ 
Kxh4 29. R@h3+ Kg5 30. Qh5+ Kf4 31. N@e2# 
{TheLongOne checkmated} 1-0

[Event "fics rated crazyhouse match"]
[Site "fics, Oklahoma City, OK USA"]
[Date "2000.09.23"]
[White "TheLongOne"]
[WhiteElo "2217"]
[Black "nasnad"]
[BlackElo "2364"]
[TimeControl "60+0"]
[Result "0-1"]

1. e4 Nf6 2. d3 e5 3. Nf3 Bc5 4. Be2 Nc6 5. O-O d6 6. Bg5 
h6 7. Bh4 Rg8 8. Nc3 g5 9. Bg3 Be6 10. a3 Bb6 11. Na4 h5 
12. Nxb6 axb6 13. B@f5 h4 14. Bxe6 fxe6 15. Nxh4 gxh4 16. Bxh4 N@f4 17. P@h7 
Nxh7 18. Bxd8 Rxd8 19. Bh5+ P@g6 20. Q@h6 gxh5 21. Qxh7 Rxg2+ 22. Kh1 B@e7 
23. P@f7+ Kd7 24. B@f5 Rg6 25. Bxe6+ Rxe6 26. P@g2 B@h3 27. N@e1 Bxg2+ 28. Nxg2 
Nxg2 29. Kxg2 N@f4+ 30. Kf3 B@g4+ 31. Ke3 P@d4+ 32. Kd2 P@c3+ 33. Kc1 cxb2+ 
34. Kxb2 B@c3+ 35. Kb3 Na5# 
{TheLongOne forfeits on time} 0-1

[Event "fics rated crazyhouse match"]
[Site "fics, Oklahoma City, OK USA"]
[Date "2000.09.23"]
[White "TheLongOne"]
[WhiteElo "2207"]
[Black "nasnad"]
[BlackElo "2374"]
[TimeControl "60+0"]
[Result "1-0"]

1. e4 Nf6 2. Nc3 e5 3. Nf3 Nc6 4. Bc4 Bc5 5. d3 d6 6. Bg5 
Bg4 7. Bxf6 Qxf6 8. Nd5 Qd8 9. h3 Bh5 10. O-O B@e6 11. a3 O-O 
12. c3 a6 13. Qe2 b5 14. Ba2 Rb8 15. N@e3 a5 16. Nf5 Bxf5 17. exf5 
N@f4 18. Nxf4 exf4 19. B@g5 Qxg5 20. Nxg5 Bxe2 21. f6 gxf6 22. N@h6+ Kh8 
23. Ngxf7+ Rxf7 24. Nxf7+ Kg8 25. R@h8+ Kg7 26. Q@h6# 
{nasnad checkmated} 1-0

[Event "fics rated crazyhouse match"]
[Site "fics, Oklahoma City, OK USA"]
[Date "2000.09.23"]
[White "nasnad"]
[WhiteElo "2362"]
[Black "TheLongOne"]
[BlackElo "2219"]
[TimeControl "60+0"]
[Result "1-0"]

1. e4 e6 2. Nc3 d5 3. exd5 exd5 4. d4 Nc6 5. Nf3 Bg4 6. Bb5 
Bb4 7. Bxc6+ bxc6 8. N@e5 Qe7 9. O-O Bxf3 10. Qxf3 P@e4 11. Qg4 Bxc3 
12. P@d7+ Kf8 13. Nxc6 Qd6 14. B@c5 Qxc5 15. dxc5 B@e6 16. P@b7 Rd8 17. Nxd8 
Nf6 18. Nxe6+ fxe6 19. d8=Q+ B@e8 20. Q@e7+ Kg8 21. Qgxg7# 
{TheLongOne checkmated} 1-0

[Event "fics rated crazyhouse match"]
[Site "fics, Oklahoma City, OK USA"]
[Date "2000.09.23"]
[White "TheLongOne"]
[WhiteElo "2214"]
[Black "nasnad"]
[BlackElo "2367"]
[TimeControl "60+0"]
[Result "0-1"]

1. e4 Nf6 2. Nc3 e5 3. Nf3 Nc6 4. Bb5 d6 5. d3 Be7 6. Bg5 
O-O 7. Bxc6 bxc6 8. N@f5 Bxf5 9. exf5 B@g4 10. Rg1 Bxf5 11. B@e4 P@g6 
12. Bxf5 gxf5 13. B@h4 B@a5 14. Bxf6 Bxf6 15. Bxf6 gxf6 16. N@h5 B@h8 17. B@h4 
B@g7 18. Qe2 N@d5 19. Nxg7 Bxg7 20. B@d2 Bxc3 21. bxc3 N@f4 22. Bxf4 Nxf4 
23. Qd2 B@h6 24. B@e3 N@d5 25. N@d1 Rb8 26. c4 Nb4 27. g3 Nfxd3+ 28. cxd3 
Bxe3 29. Nxe3 B@h6 30. N@h5 P@d4 31. Nxg7 Bxg7 32. Nc2 Nxc2+ 33. Qxc2 N@b4 
34. Qd2 Nxa2 35. N@h6+ Bxh6 36. Qxh6 N@c3 37. B@c2 P@b2 38. Rd1 Nxd1 39. Kd2 
R@g6 40. Qh5 N@b3+ 41. Kxd1 b1=Q# 
{TheLongOne forfeits on time} 0-1

[Event "fics rated crazyhouse match"]
[Site "fics, Oklahoma City, OK USA"]
[Date "2000.09.23"]
[White "ronenl"]
[WhiteElo "2288"]
[Black "BEO"]
[BlackElo "2234"]
[TimeControl "120+0"]
[Result "1-0"]

1. e4 e6 2. Nc3 d5 3. exd5 exd5 4. Bb5+ Nc6 5. Qe2+ Be7 6. d4 
Nf6 7. Bg5 O-O 8. P@e5 Ne4 9. Bxe7 Nxe7 10. Bd3 Nxc3 11. Bxh7+ Kxh7 
12. bxc3 B@h6 13. P@f6 B@d2+ 14. Kf1 Nf5 15. fxg7 Nxg7 16. B@f6 P@e7 17. Bxg7 
Kxg7 18. P@f6+ Kg8 19. fxe7 Qxe7 20. P@f6 Qe6 21. N@c5 Qf5 22. N@e7+ Kh8 
23. Nxf5 Bxf5 24. Nxb7 Bxc3 25. P@g7+ Kh7 26. gxf8=N+ Rxf8 27. R@g7+ Kh8 28. Qh5 
N@d2+ 29. Ke1 Ne4+ 30. Ke2 N@f4+ 31. Kf3 Nxh5 32. Q@g8+ Rxg8 33. Rxg8+ Kxg8 
34. R@d8+ B@f8 35. Rxf8+ Bxf8 36. B@h7+ Kxh7 37. Ne2 P@g4+ 38. Ke3 
{BEO forfeits on time} 1-0

[Event "fics rated crazyhouse match"]
[Site "fics, Oklahoma City, OK USA"]
[Date "2000.09.23"]
[White "nasnad"]
[WhiteElo "2372"]
[Black "TheLongOne"]
[BlackElo "2209"]
[TimeControl "60+0"]
[Result "0-1"]

1. e4 e6 2. Nc3 d5 3. e5 d4 4. Ne4 Ne7 5. Nf3 Ng6 6. Be2 
Nc6 7. d3 Ncxe5 8. Nxe5 Nxe5 9. Bg5 Be7 10. Bxe7 Qxe7 11. N@h5 B@f8 
12. B@f6 gxf6 13. Nhxf6+ Kd8 14. P@f4 Ng6 15. c3 Nxf4 16. Bf3 P@g7 17. Ng4 
P@f5 18. cxd4 fxg4 19. Bxg4 Nxg2+ 20. Kd2 B@h6+ 21. P@e3 P@f5 22. Bf3 fxe4 
23. Bxe4 Nh4 24. P@c3 N@d6 25. P@f3 Nxe4+ 26. fxe4 B@f3 27. Qe1 Bxh1 28. Qxh1 
Bxe3+ 29. fxe3 P@g2 30. Qe1 R@f1 31. Kc2 Rxe1 32. Rxe1 N@f1 33. B@a4 Q@d2+ 
34. Kb1 Bd7 35. B@c1 Qxe1 36. N@c2 Qxc1+ 37. Kxc1 B@d2+ 38. Kd1 g1=Q 39. Ke2 
Qg2+ 40. Kd1 R@c1# 
{nasnad checkmated} 0-1

[Event "fics rated crazyhouse match"]
[Site "fics, Oklahoma City, OK USA"]
[Date "2000.09.23"]
[White "TheLongOne"]
[WhiteElo "2220"]
[Black "nasnad"]
[BlackElo "2361"]
[TimeControl "60+0"]
[Result "1-0"]

1. e4 Nf6 2. Nc3 e5 3. Bc4 Nc6 4. Bxf7+ Kxf7 5. Nf3 B@h5 6. P@d5 
Nd4 7. Nxe5+ Ke7 8. f3 d6 9. Nc4 Ke8 10. P@e3 Nxc2+ 11. Qxc2 Be7 
12. N@f4 Bf7 13. e5 dxe5 14. Nxe5 P@e6 15. Nxf7 Kxf7 16. dxe6+ Bxe6 17. Nxe6 
N@d3+ 18. Qxd3 Qxd3 19. N@e5+ Kxe6 20. Nxd3 N@c2+ 21. Kd1 Nxe3+ 22. dxe3 P@c2+ 
23. Kxc2 P@d5 24. Nf4+ Kd7 25. B@e6+ Ke8 26. P@f7+ Kf8 27. N@d7+ Nxd7 28. Q@g8+ 
Rxg8 29. fxg8=Q# 
{nasnad checkmated} 1-0

[Event "fics rated crazyhouse match"]
[Site "fics, Oklahoma City, OK USA"]
[Date "2000.09.23"]
[White "nasnad"]
[WhiteElo "2350"]
[Black "TheLongOne"]
[BlackElo "2231"]
[TimeControl "60+0"]
[Result "1-0"]

1. e4 e5 2. Nc3 Nc6 3. Bc4 Bc5 4. Qg4 Nh6 5. Qxg7 Rg8 6. Bxf7+ 
Nxf7 7. Qxg8+ Ke7 8. Nd5+ Kd6 9. Qxd8 Nfxd8 10. Nf3 B@f7 11. R@h6+ Ne6 
12. P@b5 Bxf2+ 13. Kxf2 Q@c5+ 14. B@e3 Qxb5 15. P@c5# 
{TheLongOne resigns} 1-0

[Event "fics rated crazyhouse match"]
[Site "fics, Oklahoma City, OK USA"]
[Date "2000.09.23"]
[White "BEO"]
[WhiteElo "2227"]
[Black "ronenl"]
[BlackElo "2295"]
[TimeControl "120+0"]
[Result "0-1"]

1. e4 e6 2. d4 d5 3. e5 c5 4. Nf3 Nc6 5. Bf4 Qb6 6. Nc3 
Nxd4 7. Nxd4 cxd4 8. Nb5 P@c7 9. Nxc7+ Qxc7 10. P@d6 Qa5+ 11. Bd2 Qc5 
12. N@c7+ Kd8 13. Nxa8 N@e8 14. R@a5 Qc6 15. Rxa7 Nxd6 16. exd6 Bxd6 17. N@b5 
Be5 18. P@c7+ Ke8 19. Na3 P@c3 20. Bb5 cxd2+ 21. Qxd2 B@h4 22. Bxc6+ bxc6 
23. Nb6 P@e3 24. Qe2 exf2+ 25. Kd1 P@c3 26. Nxc8 cxb2 27. Rb1 N@c3+ 28. Kd2 
B@h6+ 29. P@e3 Nxe2 30. Nd6+ Kd7 31. c8=Q+ Kxd6 32. Qd7+ Kc5 33. B@b4+ Kxb4 
{BEO forfeits on time} 0-1